 Dungeon Crawl Stone Soup version 0.24.0-13-gcf9b319 (webtiles) character file.

Game seed: 17140633774380106446, levelgen mode: deterministic

31 Dharzhak the Bolt Thrower (level 3, 1/20 HPs)
             Began as a Kobold Arcane Marksman on Jan 19, 2020.
             Quit the game on level 1 of the Dungeon.
             The game lasted 00:05:20 (1014 turns).

Dharzhak the Bolt Thrower (Kobold Arcane Marksman)  Turns: 1014, Time: 00:05:20

Health: 1/20       AC:  2    Str:  7    XL:     3   Next: 40%
Magic:  1/4        EV: 15    Int: 15    God:
Gold:   40         SH:  0    Dex: 15    Spells: 1/4 levels left

rFire    . . .     SeeInvis .   a - +0 hand crossbow
rCold    . . .     Gourm    .   (shield restricted)
rNeg     . . .     Faith    .   e - +0 robe
rPois    .         Spirit   .   (no helmet)
rElec    .         Reflect  .   (no cloak)
rCorr    .         Harm     .   (no gloves)
MR       .....                  (no boots)
Stlth    ++........             (no amulet)
HPRegen  0.06/turn              (no ring)
MPRegen  0.09/turn              (no ring)

@: lethally poisoned (1 -> -2)
A: small, carnivore
a: no special abilities


You were on level 1 of the Dungeon.
You were very full.

You visited 1 branch of the dungeon, and saw 2 of its levels.

You collected 40 gold pieces.

Inventory:

Hand Weapons
 a - a +0 hand crossbow (weapon)
 c - a +0 dagger
Missiles
 d - 10 bolts (quivered)
 i - 19 poisoned darts
Armour
 e - a +0 robe (worn)
Potions
 b - a potion of haste {unknown}
 g - a potion of might
Comestibles
 f - 2 rations
 h - a chunk of flesh


   Skills:
 + Level 1.2 Fighting
 * Level 3.4 Crossbows
 + Level 2.6 Dodging
 + Level 0.4 Stealth
 + Level 1.3 Spellcasting
 * Level 3.4 Hexes


You had one spell level left.
You knew the following spells:

 Your Spells              Type           Power        Failure   Level  Hunger
a - Corona                Hex            ##.....      6%          1    ##.....
b - Slow                  Hex            ##......     9%          2    ###....

Your spell library contained the following spells:

 Spells                   Type           Power        Failure   Level  Hunger
 Inner Flame              Hex/Fire       #.......     34%         3    ####...
 Portal Projectile        Hex/Tloc       #.....       34%         3    ####...
 Cause Fear               Hex            ##........   52%         4    #####..
 Leda's Liquefaction      Hex/Erth       #.........   75%         4    #####..


Dungeon Overview and Level Annotations

Branches:
Dungeon (2/15)

Altars:


Innate Abilities, Weirdness & Mutations

You are small and have problems with some larger weapons.
You are carnivorous and can eat meat at any time.


Message History

The adder barely misses you.
You climb upwards.
There is a stone staircase leading down here.
Casting: Corona (safe; 6% risk of failure)
Confirm with . or Enter, or press ? or * to list all spells.
Aiming: Slow (safe; 9% risk of failure)
Press: ? - help, Shift-Dir - straight line, f - adder
Aim: an adder (chance to defeat MR: 55%)
The adder resists with significant effort.
The adder bites you.
You are poisoned.
The adder poisons you! The adder bites you.
You feel sick.
You feel sick. The adder barely misses you. The adder bites you.
* * * LOW HITPOINT WARNING * * *
* * * LOW HITPOINT WARNING * * *
You feel sick.
Unknown command.
Are you sure you want to abandon this character and quit the game? (Confirm with "yes".)

##.##########.# #.............#
##..#########.# ### #..##### #.#
######.# ##.....# #.#
######....#.#############.# #.#
.....#....#...........# #.# #.#
.....#....#.#....####.###.# #.#
................@# #.#...# #.#
................S####.#.#######.#
......####...##.................#
......# #...##..#..........#####
#####.# #...##..#......###.# #.#
##......#......# #.#
#.##########..###+#.###.#
#####.......................#
.................>....#.#####


You could see an adder.

Vanquished Creatures
  3 leopard geckos (D:1)
  A giant cockroach (D:1)
  4 goblins
  4 hobgoblins (D:1)
  A ball python (D:1)
  4 bats (D:1)
  5 kobolds
  3 rats (D:1)
25 creatures vanquished.

Notes
Turn   | Place    | Note
-------+----------+-------------------------------------------
     0 | D:1      | Dharzhak the Kobold Arcane Marksman began the quest for the
                  | Orb.
     0 | D:1      | Reached XP level 1. HP: 12/12 MP: 2/2
   227 | D:1      | Reached XP level 2. HP: 16/16 MP: 1/3
   472 | D:1      | Learned a level 2 spell: Slow
   610 | D:1      | Reached XP level 3. HP: 20/20 MP: 2/4
  1013 | D:1      | HP: 1/20 [poisoned by an adder]
  1014 | D:1      | Quit the game

Levels and vault maps discovered:
D:1:      elethiomel_arrival_maze, layout_basic
D:2:      layout_rooms, kennysheep_generic_room_2, uniq_crazy_yiuf_cottage

Skill      XL: |  1  2 |
---------------+-------+-----
Crossbows      | 3 |  3.4
Fighting       | |  1.2
Dodging        | |  2.6
Stealth        | |  0.4
Spellcasting   | |  1.3
Hexes          | |  3.4

Action                   || total
-------------------------++-------
 Fire: Hand crossbow     ||    49
 Cast: Corona            ||    21
       Slow              ||     1
  Use: Scroll            ||     3
  Eat: Chunk             ||     9
Armor: Robe              ||     4
Dodge: Dodged            ||    25
